 Dungeon Crawl Stone Soup version 0.29.1-15-g9cfb28693d (webtiles) character file.

Game seed: 8016007967977968957

547 hawla the Firebug (level 7, -2/51 HPs)
             Began as a Meteoran Fire Elementalist on Feb 27, 2023.
             Shot with an arrow by a centaur (13 damage)
             ... on level 6 of the Dungeon.
             The game lasted 00:07:13 (1291 turns).

hawla the Firebug (Meteoran Fire Elementalist)      Turns: 1291, Time: 00:07:14

Health: -2/51      AC:  3    Str: 10    XL:     7   Next: 83%
Magic:  8/15       EV: 13    Int: 18    God:
Gold:   196        SH:  0    Dex: 15    Spells: 9/16 levels left

rFire   + . .      SeeInvis .   d - +1 short sword (drain)
rCold   . . .      Faith    .   (no shield)
rNeg    . . .      Spirit   .   a - +0 robe
rPois   .          Reflect  .   (no helmet)
rElec   .          Harm     .   k - +0 cloak
rCorr   .          Rampage  .   (no gloves)
Will    .....                   (no boots)
Stlth   +.........              (no amulet)
HPRegen 0.17/turn               (no ring)
MPRegen 0.14/turn               (no ring)

@: glowing
A: sense surroundings 1, otherworldly, glowing, explore regen, talons 1, fire
resistance 1, sturdy frame 1
a: no special abilities


You were on level 6 of the Dungeon.
You visited 1 branch of the dungeon, and saw 6 of its levels.

You collected 196 gold pieces.

Inventory:

Hand Weapons
 d - a +1 short sword of draining (weapon)
Armour
 a - a +0 robe (worn)
 k - a +0 cloak (worn)
Wands
 l - a wand of digging (5)
Scrolls
 f - a scroll of amnesia
Potions
 e - 2 potions of heal wounds
 j - a potion of berserk rage
 o - a potion of attraction


   Skills:
 + Level 0.4 Fighting
 + Level 2.9 Dodging
 - Level 1.4 Stealth
 + Level 5.1 Spellcasting
 + Level 5.7 Conjurations
 + Level 6.2 Fire Magic


You had 9 spell levels left.
You knew the following spells:

 Your Spells              Type           Power      Damage    Failure   Level
a - Foxfire               Conj/Fire      100%       2x1d9     1%          1
b - Scorch                Fire           54%        2d7       1%          2
c - Flame Wave            Conj/Fire      26%        2d8       11%         4

Your spell library contained the following spells:

 Spells                   Type           Power      Damage    Failure   Level
 Conjure Flame            Conj/Fire      26%        6-21      3%          3
 Inner Flame              Hex/Fire       15%        N/A       11%         3


Dungeon Overview and Level Annotations

Branches:
Dungeon (6/15) Zot: 2308
 Temple: D:4-7

Altars:
Hepliaklqana
Yredelemnul

Shops:
D:4 [


Innate Abilities, Weirdness & Mutations

You passively map a small area around you.
You are easily found by Zot.
You glow in the dark.
You regain HP and MP as you explore.
You have sharp toenails.
Your flesh is heat resistant. (rF+)
Your movements are slightly less encumbered by armour. (ER -2)


Message History

An orc comes into view. It is wielding a +0 hand axe.
An orc comes into view. It is wielding a +0 club.
Casting: Foxfire (safe; 1% risk of failure)
Confirm with . or Enter, or press ? or * to list all spells.
You conjure some foxfire!
The foxfire hits the orc.
The orc is almost dead.
A centaur comes into view.
The foxfire hits the ogre.
The ogre is lightly wounded.
Your foxfire dissipates!
The foxfire hits the orc!
You kill the orc!
Casting: Foxfire (safe; 1% risk of failure)
Confirm with . or Enter, or press ? or * to list all spells.
Flames lash the orc.
The orc is moderately wounded.
The orc's fire resistance burns away.
The ogre barely misses you.
Unknown command.
Casting: Scorch (safe; 1% risk of failure)
Confirm with . or Enter, or press ? or * to list all spells.
Casting: Flame Wave (dangerous; 11% risk of failure)
Press: ? - help, Dir - look around, f - activate A wave of flame ripples out!
The flame wave engulfs the ogre!
The ogre is heavily wounded. (Press . to intensify the flame waves.)
The centaur wields a +0 shortbow.
The centaur shoots an arrow.
The arrow hits you.
A wave of flame ripples out!
The flame wave engulfs the ogre.
The ogre is heavily wounded.
The flame wave engulfs the orc!
The orc is burned terribly!
You kill the orc!
The flame wave engulfs the centaur.
The centaur is moderately wounded.
The flame wave engulfs the orc.
The orc is severely wounded.
The ogre hits you with a +0 giant spiked club!!
Ouch! That really hurt!
* * * LOW HITPOINT WARNING * * *
The centaur shoots an arrow.
The arrow hits you!
You die...

,*,*****,,,,..##.......#
,*,* *,,,*...........#
,*,* *,,,*.##........#
,*,* *,,,*,*#........#
,*,* *,.,#,*##....####
,*,* *,..#.######.# ,*,*
*,...........#####********
,*,*
*,...?.............,,,,,,,
,*,*
*,....oo)@..#######*******
,*,* *,......O...#
,*,*****,#.....c...#
**,*,,,,,#.........#
*,,,,,,,#...#######
*,,,,,,,....,,,*
*,,,,,,,#.#,**,**
*,,,,,,,##*,**,,*
*,,,,,,,,,*,***+*****


You could see an ogre, a centaur and 2 orcs.

Vanquished Creatures
  2 water moccasins (D:5)
  A centaur (D:5)
  A necrophage (D:5)
  A howler monkey (D:5)
  A jelly (D:4)
  A hound (D:5)
  A howler monkey zombie (D:3)
  4 adders
  A shadow imp (D:5)
  An ufetubus (D:5)
  An adder zombie (D:3)
  A worm (D:4)
  7 orcs
  A ball python (D:4)
  2 endoplasms
  2 giant cockroaches (D:1)
  2 goblins (D:1)
  2 hobgoblins
  2 jackals (D:1)
  2 bats (D:1)
  2 kobolds
  2 rats (D:1)
40 creatures vanquished.

Vanquished Creatures (others)
  87 foxfires
87 creatures vanquished.

Grand Total: 127 creatures vanquished

Notes
Turn   | Place    | Note
-------+----------+-------------------------------------------
     0 | D:1      | hawla the Meteoran Fire Elementalist began the quest for
                  | the Orb.
     0 | D:1      | Reached XP level 1. HP: 14/14 MP: 5/5
    26 | D:1      | Reached XP level 2. HP: 20/20 MP: 2/6
    60 | D:1      | Reached skill level 4 in Fire Magic
   106 | D:2      | Learned a level 2 spell: Scorch
   163 | D:3      | Reached XP level 3. HP: 18/26 MP: 4/8
   172 | D:3      | Found a basalt altar of Yredelemnul.
   281 | D:4      | Reached XP level 4. HP: 34/34 MP: 4/9
   323 | D:4      | Learned a level 4 spell: Flame Wave
   463 | D:4      | Reached XP level 5. HP: 39/39 MP: 3/10
   555 | D:4      | Found Egara's Dragon-Slaying Spoils.
   674 | D:4      | Found a hazy altar of Hepliaklqana.
   772 | D:5      | Entered Level 5 of the Dungeon
   797 | D:5      | Noticed a water moccasin
   802 | D:5      | Killed a water moccasin
   803 | D:5      | Reached skill level 5 in Conjurations
   803 | D:5      | Reached XP level 6. HP: 46/46 MP: 3/11
   846 | D:5      | Reached skill level 5 in Fire Magic
   874 | D:5      | Noticed a water moccasin
   880 | D:5      | Killed a water moccasin
   881 | D:5      | Reached XP level 7. HP: 48/51 MP: 5/14
  1028 | D:5      | Reached skill level 6 in Fire Magic
  1119 | D:5      | Reached skill level 5 in Spellcasting
  1271 | D:6      | Gained mutation: Your flesh is heat resistant. (rF+)
                  | [potion of mutation]
  1271 | D:6      | Gained mutation: Your movements are slightly less
                  | encumbered by armour. (ER -2) [potion of mutation]
  1271 | D:6      | Gained mutation: You have sharp toenails. [potion of
                  | mutation]
  1291 | D:6      | Shot with an arrow by a centaur

Illustrated notes

Levels and vault maps discovered:
D:1:      dpeg_arrival_arbitrary_b, layout_loops_ring,
          ebering_ecumenical_altar_rust, minmay_tromino_v2
D:2:      layout_basic
D:3:      minmay_evil_eye, layout_rooms, lemuel_zombie_altar_yredelemnul,
          nicolae_tso_swordbearing_angel, mainiacjoe_overflow_boulevard,
          grunt_ministairs_3, minmay_cut_off
D:4:      layout_basic, worldfamousw_hep_ancestral_shrine,
          nicolae_shop_dragon_depot
D:5:      layout_rooms, chequers_garden, grunt_ministairs_7
D:6:      layout_basic, grunt_temple_overflow_cloverleaf, uniq_prince_ribbit1,
          uniq_blork_the_orc

Skill      XL: |  1  2  3  4  5  6  7 |
---------------+----------------------+-----
Spellcasting   | 3 4 5 |  5.1
Fire Magic     | 4 5 6 |  6.2
Conjurations   | 3 5 |  5.7
Fighting       | |  0.4
Dodging        | |  2.9
Stealth        | |  1.4

Action                   |  1- 3 |  4- 6 |  7- 9 || total
-------------------------+-------+-------+-------++-------
Melee: Unarmed           |    14 |       |       ||    14
       Short sword       |       |     1 |     1 ||     2
 Cast: Foxfire           |    31 |    15 |     6 ||    52
       Scorch            |     6 |    14 |     9 ||    29
       Flame Wave        |       |     1 |     2 ||     3
  Use: Potion            |     1 |       |     1 ||     2
       Scroll            |       |       |    10 ||    10
Armor: Robe              |     7 |     1 |     2 ||    10
Dodge: Dodged            |    20 |     7 |    11 ||    38
